 Seeded DCSS version 0.28-a0-750-g7c675f85b1 (webtiles) character file.

Game seed: 20211030 (custom seed)

68 a11behringer the Cudgeller (level 4, -3/28 HPs)
             Began as a Gargoyle Berserker on Oct 30, 2021.
             Was a Believer of Trog.
             Slain by Grinder (8 damage)
             ... while paralysed by Grinder
             ... on level 3 of the Dungeon.
             The game lasted 00:08:02 (2849 turns).

a11behringer the Cudgeller (Gargoyle Berserker)     Turns: 2849, Time: 00:08:02

Health: -3/28      AC:  9    Str: 27    XL:     4   Next: 19%
Magic:  4/4        EV:  2    Int:  7    God:    Trog [**....]
Gold:   70         SH:  0    Dex: 10    Spells: 3/3 levels left

rFire   + . .      SeeInvis .   a - +0 mace
rCold   . . .      Faith    .   (no shield)
rNeg    + . .      Spirit   .   c - +0 ring mail
rPois   ∞          Reflect  .   (no helmet)
rElec   +          Harm     .   (no cloak)
rCorr   .          Rampage  .   (no gloves)
Will    .....                   (no boots)
Stlth   ..........              (no amulet)
HPRegen 0.09/turn               i - ring of protection from fire
MPRegen 0.09/turn               q - +6 ring of strength

@: paralysed, on berserk cooldown
A: sickness immunity, AC +3, negative energy resistance 1, electricity
resistance, torment resistance 1, petrification resistance, deterioration 1
a: Renounce Religion, Berserk, Trog's Hand


You were on level 3 of the Dungeon.
You worshipped Trog.
Trog was pleased with you.
You visited 1 branch of the dungeon, and saw 3 of its levels.

You collected 70 gold pieces.

Inventory:

Hand Weapons
 a - a +0 mace (weapon)
Missiles
 j - 33 bolts
 l - 31 arrows
Armour
 b - a +0 animal skin
 c - a +0 ring mail (worn)
 k - a +0 scale mail
Jewellery
 i - a ring of protection from fire (left hand)
 p - a ring of protection from fire
 q - a +6 ring of strength (right hand)
Scrolls
 e - a scroll of brand weapon {unknown}
 g - 4 scrolls of identify
 h - a scroll of amnesia {unknown}
 m - a scroll of blinking {unknown}
 o - a scroll of torment {unknown}
Potions
 f - a potion of mutation
 n - 2 potions of curing
 r - a potion of might {unknown}


   Skills:
 + Level 3.5 Fighting
 * Level 4.2 Maces & Flails
 + Level 2.8 Armour
 + Level 1.8 Dodging


You had 3 spell levels left.
You didn't know any spells.
Your spell library was empty.

Dungeon Overview and Level Annotations

Branches:
Dungeon (3/15)

Altars:

Annotations:
D:3 Grinder


Innate Abilities, Weirdness & Mutations

You are immune to sickness and miasma.
Your stone body is resilient. (AC +3)
You are immune to poison.
You resist negative energy. (rN+)
You are resistant to electric shocks. (rElec)
You are resistant to unholy torment.
You are immune to petrification.
Your body sometimes deteriorates upon taking damage.


Message History

You feel yourself wasting away. Grinder hits you but does no damage.
Unknown command.
You sock Grinder!
Grinder is heavily wounded.
Grinder hits you but does no damage. Grinder hits you.
You writhe in agony.
You hit Grinder but do no damage.
Grinder is heavily wounded.
Grinder gestures at you.
You are unaffected.
Grinder gestures at you. You resist with almost no effort.
You barely miss Grinder.
Grinder is heavily wounded.
Grinder hits you.
You writhe in agony.
You barely miss Grinder.
Grinder is heavily wounded.
You feel yourself speed up.
You feel the effects of Trog's Hand fading.
Grinder hits you but does no damage.
Grinder blinks!
As you read the scroll labelled MOEBUG VOOBLAO, it crumbles to dust.
You hear a loud clanging noise!
It was a scroll of noise.
Grinder blinks!
Grinder hits you.
You writhe in agony.
* * * LOW HITPOINT WARNING * * *
You closely miss Grinder.
Grinder is heavily wounded.
Grinder hits you but does no damage.
You closely miss Grinder.
Grinder is heavily wounded.
Your skin stops crawling.
You feel less strong-willed. Grinder hits you.
* * * LOW HITPOINT WARNING * * *
You writhe in agony.
* * * LOW HITPOINT WARNING * * *
Grinder gestures at you.
You suddenly lose the ability to move!
Grinder hits you!
You die...

####.##.##....##.##
#..#..#....†###...#
...##.##.####...#.#
.⌠..#..#..#...###.#
....##.##...###...#
..#.#...#.###...#..
###...#####...####.
#...###.#...#.#5(#..
).###...##.##...@##.
###...#..#..#..⌠..#
#...####.##)##....# .
..###.....#..#..###..
.##....##.##.####...#
..#..⌠).#..#..#...#
#.##....##.##...#
#..#..###.....###
##.####...#####


You could see Grinder.

Vanquished Creatures
  An adder (D:3)
  2 worms
  A dart slug (D:1)
  2 endoplasms
  4 giant cockroaches
  6 goblins
  5 hobgoblins
  2 jackals (D:1)
  3 quokkas
  7 ball pythons
  4 bats
  4 frilled lizards
  5 kobolds
  3 rats
49 creatures vanquished.

Notes
Turn   | Place    | Note
-------+----------+-------------------------------------------
     0 | D:1      | a11behringer the Gargoyle Berserker began the quest for the
                  | Orb.
     0 | D:1      | Reached XP level 1. HP: 14/14 MP: 1/1
   378 | D:1      | Reached XP level 2. HP: 19/19 MP: 2/2
   953 | D:1      | Found a faded altar of an unknown god.
   968 | D:1      | Reached XP level 3. HP: 21/23 MP: 3/3
  1596 | D:2      | Reached skill level 4 in Maces & Flails
  2389 | D:2      | Reached ** piety under Trog
  2567 | D:3      | Reached XP level 4. HP: 28/28 MP: 4/4
  2806 | D:3      | Noticed Grinder
  2828 | D:3      | Paralysed by Grinder for 4 turns
  2839 | D:3      | Gained mutation: Your body sometimes deteriorates upon
                  | taking damage. [potion of mutation]
  2848 | D:3      | Paralysed by Grinder for 7 turns
  2849 | D:3      | Slain by Grinder

Illustrated notes

Levels and vault maps discovered:
D:1:      wander_arrival_fairy_ring, layout_basic,
          ebering_ecumenical_altar_mist, st_stairs_4
D:2:      layout_loops_ring, serial_aquarium, aquarium_bridge_straight
          [aquarium_subvault_bridge, aquarium_subvault_wall,
          aquarium_subvault_bridge, aquarium_subvault_window],
          aquarium_bridge_square [aquarium_subvault_window,
          aquarium_subvault_bridge, aquarium_subvault_balcony,
          aquarium_subvault_balcony], aquarium_window_1, aquarium_window_corner,
          aquarium_view_4, aquarium_view_2e, aquarium_pool_side
D:3:      minmay_skewed_foursquare, layout_basic,
          mainiacjoe_overflow_concentric_impassable, uniq_grinder

Skill      XL: |  1  2  3 |
---------------+----------+-----
Maces & Flails | 4 |  4.2
Fighting       | |  3.5
Armour         | |  2.8
Dodging        | |  1.8

Action                   |  1- 3 |  4- 6 || total
-------------------------+-------+-------++-------
Melee: Mace              |   128 |    36 ||   164
Invok: Berserk           |     1 |     1 ||     2
       Trog's Hand       |       |     2 ||     2
  Use: Scroll            |       |     2 ||     2
       Potion            |       |     1 ||     1
Armor: Animal skin       |     5 |       ||     5
       Ring mail         |    63 |    14 ||    77
Dodge: Dodged            |    82 |    19 ||   101

Table legend: (Time is in decaauts)
 A = Elapsed time spent in this place.
 B = Non-inter-level travel time spent in this place.
 C = Inter-level travel time spent in this place.
 D = Time resting spent in this place.
 E = Time spent auto-exploring this place.
 F = Levels seen in this place.
 G = Mean time per level.
                   A        B        C        D        E       F      G
               +--------+--------+--------+--------+--------+-----+--------+
         Total |   2898 |   2469 |    429 |      0 |   2059 |   3 |  966.0 |
       Dungeon |   2898 |   2469 |    429 |      0 |   2059 |   3 |  966.0 |
               +--------+--------+--------+--------+--------+-----+--------+

Top non-repeatable levels by time:
     D:1: 1409 daAuts
     D:2: 1095 daAuts
     D:3: 392 daAuts
